 Dungeon Crawl Stone Soup version 0.30-a0-778-g2ef04af (webtiles) character file.

Game seed: 3286711614778590507

4 Illumine the Trooper (level 1, -7/14 HPs)
             Began as a Gargoyle Fighter on Feb 15, 2023.
             Engulfed by a cloud of flame (21 damage)
             ... on level 1 of the Dungeon.
             The game lasted 00:00:11 (68 turns).

Illumine the Trooper (Gargoyle Fighter)               Turns: 68, Time: 00:00:11

Health: -7/14      AC:  9    Str: 19    XL:     1   Next: 60%
Magic:  1/1        EV:  9    Int:  8    God:
Gold:   9          SH:  4    Dex:  9    Spells: 0/0 levels left

rFire   . . .      SeeInvis .    a - +0 flail
rCold   . . .      Faith    .    c - +0 buckler
rNeg    + . .      Spirit   .    b - +0 scale mail
rPois   ∞          Reflect  .    (no helmet)
rElec   +          Harm     .    (no cloak)
rCorr   .          Rampage  .    (no gloves)
Will    .....                    (no boots) Stlth
                                 (no amulet)
HPRegen 0.22/turn                (no ring)
MPRegen 0.07/turn                (no ring)

@: no status effects
A: sickness immunity, AC +2, negative energy resistance 1, electricity
resistance, torment resistance 1, petrification resistance
a: no special abilities


You were on level 1 of the Dungeon.
You visited 1 branch of the dungeon, and saw 1 of its levels.

You collected 9 gold pieces.

Inventory:

Hand Weapons
 a - a +0 flail (weapon)
Missiles
 e - 2 poisoned darts (quivered)
Armour
 b - a +0 scale mail (worn)
 c - a +0 buckler (worn)
Potions
 d - a potion of might


   Skills:
 + Level 3.3 Fighting
 * Level 2.1 Maces & Flails
 + Level 3.3 Armour
 + Level 3.3 Shields


You couldn't memorise any spells.
You didn't know any spells.
Your spell library was empty.

Dungeon Overview and Level Annotations

Branches:
Dungeon (1/15)

Altars:


Innate Abilities, Weirdness & Mutations

You are immune to sickness and miasma.
Your stone body is resilient. (AC +2)
You are immune to poison.
You resist negative energy. (rN+)
You are resistant to electric shocks. (rElec)
You are resistant to unholy torment.
You are immune to petrification.


Message History

Welcome, Illumine the Gargoyle Fighter.
Will you prevail where others failed? Will you find the Orb of Zot?
Press ? for a list of commands and other information.
Found a staircase leading out of the dungeon.
You now have 9 gold pieces.
Found 2 poisoned darts.
You see here 2 poisoned darts.
A hobgoblin comes into view.
The hobgoblin shouts!
The hobgoblin hits you but does no damage.
You barely miss the hobgoblin. The hobgoblin misses you.
You closely miss the hobgoblin. The hobgoblin hits you.
You hit the hobgoblin.
The hobgoblin is moderately wounded.
An endoplasm comes into view.
The hobgoblin hits you but does no damage.
You closely miss the hobgoblin.
The hobgoblin is moderately wounded.
The endoplasm quivers.
The hobgoblin hits you but does no damage.
An endoplasm comes into view.
The hobgoblin hits you.
You sock the hobgoblin!
You kill the hobgoblin!
The endoplasm freezes you.
You are frozen.
The endoplasm hits you.
You sock the endoplasm!
You kill the endoplasm!
The endoplasm hits you but does no damage.
You thump the endoplasm!
You kill the endoplasm!
You see here 2 poisoned darts.
e - 2 poisoned darts You're in a travel-excluded area, stopping explore.
Found a ring mail.
You are engulfed in blazing flames.
Ouch! That really hurt!
You die...

#####.# #..#
#.## #.# #
#.# §# #.#
§§#
#.#####...##
#..§§§...$..
#..§@§...$.§
##.○☼☼.$$...
######...##
☼§# §# #


There were no monsters in sight!

Vanquished Creatures
  2 endoplasms (D:1)
  A hobgoblin (D:1)
3 creatures vanquished.

Notes
Turn   | Place    | Note
-------+----------+-------------------------------------------
     0 | D:1      | Illumine the Gargoyle Fighter began the quest for the Orb.
     0 | D:1      | Reached XP level 1. HP: 14/14 MP: 1/1
    68 | D:1      | Engulfed by a cloud of flame

Illustrated notes

Levels and vault maps discovered:
D:1:      minmay_arrival_wavy_path, layout_basic, st_stairs_7,
          lemuel_flame_loot_1

Action                     || total
---------------------------++-------
  Melee: Flail             ||     7
 Armour: Scale mail        ||     4
  Dodge: Dodged            ||     1

Table legend: (Time is in decaauts)
 A = Elapsed time spent in this place.
 B = Non-inter-level travel time spent in this place.
 C = Inter-level travel time spent in this place.
 D = Time resting spent in this place.
 E = Time spent auto-exploring this place.
 F = Levels seen in this place.
 G = Mean time per level.
                   A        B        C        D        E       F      G
               +--------+--------+--------+--------+--------+-----+--------+
         Total |     70 |     70 |      0 |      0 |     41 |   1 |   70.0 |
       Dungeon |     70 |     70 |      0 |      0 |     41 |   1 |   70.0 |
               +--------+--------+--------+--------+--------+-----+--------+

Top non-repeatable levels by time:
     D:1: 70 daAuts
